Map: Abyssal Reef LE

Players

Ozymandias - Winner!

  • Race: Zerg Zerg
  • League: Diamond
  • Spawn Location: 5:00

Musumeci

  • Race: Zerg Zerg
  • League: Diamond
  • Spawn Location: 11:00

VOD

Have the link to the VOD?

Description

Time

  • Played on: April 3, 2017, 2:57 p.m.
  • Length: 7:52
Show
View Real Time Build Order
Export as new Build Order

Ozymandias Zerg - Winner!

Build Orders: Hatch First 

Get SALT Encoding   

  12  0:01  Drone  
  13  0:13  Overlord  
  13  0:18  Drone  
  14  0:31  Drone x2  
  16  0:37  Drone  
  17  0:53  Hatchery  
  17  0:56  Drone  
  17  1:00  Drone  
  17  1:02  Extractor  
  17  1:15  Spawning Pool  
  16  1:19  Drone  
  16  1:22  Drone  
  18  1:29  Drone  
  19  1:40  Overlord  
  19  1:55  Drone  
  20  2:02  Queen  
  20  2:04  Zergling x2  
  20  2:05  Metabolic Boost  
  20  2:08  Queen  
  25  2:13  Drone  
  25  2:14  Drone  
  27  2:17  Drone  
  28  2:31  Zergling x2  
  28  2:32  Drone  
  28  2:34  Overlord  
  30  2:41  Drone  
  31  2:47  Drone  
  32  3:09  Queen  
  32  3:12  Drone x8  
  42  3:14  Extractor  
  42  3:15  Lair  
  42  3:16  Extractor  
  40  3:25  Extractor  
  39  3:27  Drone  
  39  3:28  Drone x2  
  42  3:35  Drone x2  
  42  3:38  Overlord  
  42  4:03  Zergling x6  
  42  4:04  Roach Warren  
  44  4:20  Drone x3  
  44  4:21  Drone x3  
  50  4:28  Drone  
  50  4:29  Drone, Overlord  
  52  4:47  Hatchery  
  52  4:51  Drone x2  
  52  4:52  Roach x2  
  57  4:54  Glial Reconstitution  
  57  4:58  Evolution Chamber  
  56  5:11  Roach  
  56  5:12  Roach  
  56  5:13  Overlord  
  56  5:14  Overlord x2  
  60  5:15  Overlord  
  60  5:16  Overlord  
  60  5:24  Zerg Missile Weapons Level 1  
  60  5:32  Roach x2  
  60  5:33  Roach  
  66  5:38  Roach x3  
  71  5:55  Roach  
  71  5:56  Roach x5  
  82  6:02  Roach x2, Evolution Chamber  
  82  6:03  Roach  
  87  6:06  Ravager x7  
  87  6:08  Queen  
  96  6:14  Roach x4  
  96  6:16  Overlord  
  104  6:31  Overlord x2  
  104  6:32  Drone  
  105  6:39  Roach x4  
  113  6:44  Overlord x2  
  113  6:59  Roach  
  113  7:00  Roach x7  
  110  7:29  Roach  
  106  7:30  Roach x11  
Show
View Real Time Build Order
Export as new Build Order

Musumeci Zerg 

Build Orders: Hatch First 

Get SALT Encoding   

  12  0:00  Drone  
  13  0:08  Drone  
  14  0:16  Overlord  
  14  0:25  Drone, Extractor  
  15  0:34  Drone x2  
  17  0:55  Hatchery  
  16  0:59  Drone  
  17  1:12  Spawning Pool  
  17  1:14  Extractor  
  17  1:15  Drone  
  16  1:20  Drone  
  16  1:23  Drone  
  18  1:27  Drone  
  19  1:39  Overlord  
  19  1:48  Drone  
  20  1:59  Zergling x2  
  20  2:00  Queen  
  23  2:07  Queen  
  23  2:08  Drone  
  26  2:13  Drone  
  26  2:15  Metabolic Boost  
  27  2:18  Drone  
  27  2:21  Drone  
  29  2:35  Queen  
  29  2:36  Baneling Nest  
  30  2:47  Drone x2  
  30  2:48  Drone x2  
  34  2:59  Zergling x2  
  34  3:00  Zergling x2  
  35  3:15  Overlord  
  35  3:23  Baneling x2  
  35  3:24  Drone  
  35  3:25  Overlord  
  36  3:32  Overlord  
  36  3:34  Zergling x4  
  36  3:35  Drone  
  36  3:36  Drone x2  
  41  3:49  Hatchery  
  41  3:52  Drone  
  41  3:53  Drone x5  
  45  4:10  Extractor  
  45  4:11  Queen  
  45  4:15  Drone x4  
  51  4:17  Drone  
  51  4:20  Extractor  
  51  4:23  Lair  
  50  4:24  Roach Warren  
  50  4:27  Evolution Chamber  
  50  4:28  Overlord  
  48  4:40  Overlord  
  48  4:42  Zergling x2  
  49  5:04  Baneling x2  
  49  5:08  Drone x7  
  49  5:14  Extractor, Zerg Missile Weapons Level 1  
  54  5:15  Roach  
  54  5:18  Baneling x2  
  56  5:26  Roach x4  
  56  5:27  Overlord x3  
  56  5:28  Overlord x2  
  64  5:42  Drone  
  65  5:53  Glial Reconstitution  
  65  5:57  Drone x5  
  65  5:58  Drone  
  65  5:59  Drone  
  65  6:00  Drone  
  65  6:01  Drone x5  
  78  6:19  Extractor  
  77  6:31  Roach x12  
  101  6:33  Ravager x2  
  101  6:35  Drone  
  101  6:36  Drone  
  101  6:37  Overlord x2  
  105  6:49  Overlord x2  
  105  6:58  Roach x5  
  107  7:14  Roach x2  
  107  7:15  Roach x8  
Tags
 
Add a new tag
Caveats
  • Supply blocks, unpowered buildings, or Contaminate may cause inaccurate times.
  • Supply counts are checked every 10 seconds.